[Event "Early-Titled-Tuesday-Blitz-October-10-2023"]
[Site "Chess.com"]
[Date "2023.10.10"]
[Round "1"]
[White "masnyszachistaaa"]
[Black "matagordo"]
[Result "1-0"]
[WhiteElo "2585"]
[BlackElo "2220"]
[TimeControl "180+1"]
[EndTime "8:08:58 PDT"]
[Termination "masnyszachistaaa won by resignation"]

1. e4 e6 2. d4 d5 3. Nd2 Nc6 4. Ngf3 Nf6 5. e5 Nd7 6. Bd3 Nb4 7. Be2 c5 8. c3 Nc6 9. O-O Qb6 10. Nb1 Be7 11. Re1 O-O 12. a3 f6 13. exf6 Nxf6 14. b4 cxd4 15. cxd4 Qd8 16. Nc3 Kh8 17. Bd3 Qe8 18.
Ne2 Bd6 19. Ng3 Bxg3 20. hxg3 Qh5 21. b5 Ne7 22. Ne5 Qxd1 23. Rxd1 Nf5 24. Bb2 Nd7 25. Nf3 g6 26. Rac1 a6 27. Rc7 axb5 28. Bxb5 Nf6 29.
Rdc1 Nd6 30. Bd3 Nfe4 31. R1c2 Rf7 32. Ne5 Rxc7 33. Rxc7 Kg8 34. Bc1 Ra4 35. Nf3 Ra8 36.
g4 Ra4 37. g5 Ra8 38. Bf4 Nf7 39. Ne5 Nxe5 40. Bxe5 Nxg5 41. Bb5 Nf7 42. Bf6 Rb8 43. a4 b6 44. Kh2 Ra8 45. Bc6 Rb8 46. Kg3 Ba6 47.
Ra7 Bd3 48. Re7 Bf5 49. Kf4 Rc8 50. Bb5 Ra8 51. g4 Bc2 52. Rxe6 Bxa4 53. Rxb6 Bxb5 54. Rxb5 Ra2 55. f3 Ra8 56. Rxd5 Re8 57. Rd7 g5+ 58. Bxg5 Rf8 59. Bf6 Nh6 60. Kg5 Nf7+ 61. Kf5 Re8 62. Re7 Rc8 63. Re4 Rd8 64. Kf4 Rd5 65. Be5 Rd8 66.
Kg3 Rf8 67. f4 Nh6 68. f5 Ra8 69. Kf4 Ra1 70. Bf6 Rf1+ 71. Ke5 Nf7+ 72. Ke6 Ra1 73. Kd5 Ra5+ 74. Kc4 Ra8 75. Kd3 h5 76. g5 Ra3+ 77. Kc4 Ra4+ 78. Kd5 Ra8 79. g6 Rd8+ 80. Bxd8 Nxd8 81.
Re8+ Kg7 82. Rxd8 Kf6 83. Rd7 1-0

[Event "Early-Titled-Tuesday-Blitz-October-10-2023"]
[Site "Chess.com"]
[Date "2023.10.10"]
[Round "1"]
[White "wannabe2700"]
[Black "IPAchess"]
[Result "0-1"]
[WhiteElo "2678"]
[BlackElo "2408"]
[TimeControl "180+1"]
[EndTime "8:09:17 PDT"]
[Termination "IPAchess won by checkmate"]

1. e4 e5 2. Nf3 Nc6 3. Bb5 a6 4.
Ba4 Nf6 5. O-O d6 6. Re1 Bd7 7. c4 Nd4 8. Nxd4 exd4 9. f4 b5 10. Bb3 d3 11. h3 Be7 12. e5 dxe5 13. fxe5 Bc5+ 14. Kh1 Ng4 15. Qf3 O-O 16. Nc3 Qh4 17. Rf1 Nxe5 18. Qd5 Bd6 19. Qe4 Qg3 20. Qe1 Qxe1 21.
Rxe1 bxc4 22. Ba4 Bxa4 23. Nxa4 Rfe8 24. b3 Nc6 25. Bb2 Bg3 26. Rxe8+ Rxe8 27. bxc4 Re2 28. Bc3 Be5 29. Rd1 h5 30. Kg1 h4 31. Kf1 Bg3 32.
Nc5 Rf2+ 33. Kg1 Rf4 34. Nxd3 Rxc4 35. Kf1 Ra4 36. Ra1 f6 37. a3 Kf7 38. Nc5 Rf4+ 39. Kg1 a5 40. Nd3 Rf5 41. Rc1 Rd5 42. Nb2 Nd4 43.
Bxd4 Rxd4 44. d3 Bf4 45. Rc4 Rxc4 46. Nxc4 a4 47. Nb2 Bd6 48. Nxa4 Bxa3 49. Kf2 Bd6 50.
Ke3 Ke6 51. Nc3 Kf5 52. Nd5 g5 53. d4 Ke6 54. Nc3 f5 55. Nb5 Bf4+ 56. Kd3 Kd5 57.
Nc3+ Ke6 58. Nb5 Bd6 59. Ke3 Kd5 60. Kd3 c5 61. Nc3+ Ke6 62. Ne2 cxd4 63. Kxd4 Be5+ 64. Ke3 Kd5 65. Kd3 Bf6 66. Ng1 Ke5 67. Ke3 Bd8 68.
Nf3+ Kf6 69. Kd3 Bb6 70. Kc4 Bf2 71. Kd3 g4 72. Nd2 Kg5 73. Ke2 Bg3 74. Nc4 Bf4 75. Kf2 Bb8 76. Ke2 Ba7 77. Ne5 Kf4 78. Nd3+ Kg3 79.
hxg4 fxg4 80. Kf1 h3 81. gxh3 gxh3 82. Nf4 h2 83. Ne2+ Kf3 84. Ng3 Kxg3 85. Ke2 h1=Q 86. Kd3 Qf3+ 87. Kc4 Bg1 88. Kb5 Kf2 89. Kc4 Bh2 90.
Kb4 Ke3 91. Kc4 Qe4+ 92. Kb5 Kd4 93. Kb4 Qb7+ 94. Ka5 Kc4 95. Ka4 Qa7# 0-1

[Event "Early-Titled-Tuesday-Blitz-October-10-2023"]
[Site "Chess.com"]
[Date "2023.10.10"]
[Round "1"]
[White "Russian_berezka"]
[Black "wild3000"]
[Result "1-0"]
[WhiteElo "2643"]
[BlackElo "2359"]
[TimeControl "180+1"]
[EndTime "8:09:18 PDT"]
[Termination "Russian_berezka won on time"]

1. d4 d5 2. c4 dxc4 3. Nf3 e6 4.
e3 c5 5. Bxc4 Nf6 6. O-O a6 7.
b3 Be7 8. Bb2 O-O 9. Nbd2 b5 10.
Be2 Bb7 11. a4 bxa4 12. Rxa4 Nbd7 13. Nc4 cxd4 14. Bxd4 Nc5 15. Ra2 Nd5 16. Qb1 Nb4 17.
Rd2 Be4 18. Qb2 Ncd3 19. Qc3 Bf6 20. Bxd3 Nxd3 21. Rxd3 Bxd3 22. Qxd3 Bxd4 23. Nxd4 Qc7 24. Qe4 a5 25. Nb5 Qc5 26. Nbd6 a4 27. bxa4 Rxa4 28. Qc2 Rfa8 29. h3 h6 30. Rb1 Ra1 31. Qe4 Qd5 32. Qc2 Rxb1+ 33. Qxb1 Rd8 34. Qb6 Qa8 35. Qc7 Rf8 36. Ne5 Qa1+ 37. Kh2 Qxe5+ 38. g3 g5 39. Qe7 Kg7 40. Ne8+ Rxe8 41. Qxe8 Qf5 42. Kg2 Qe4+ 43. Kg1 Qb1+ 44. Kg2 Qe4+ 45. Kg1 Qf5 46. Kg2 h5 47. Qa4 Qd5+ 48. e4 Qe5 49. Qc4 g4 50. hxg4 hxg4 51. Qd3 Kg6 52. Qe3 Qg5 53. Qe2 f5 54. exf5+ Qxf5 55. Qe3 Kf6 56. Kg1 Qd5 57. Qh6+ Ke7 58. Qg7+ Kd6 59. Qxg4 Qe5 60. Qf3 Ke7 61. Kg2 Qa1 62. Qb7+ Kf6 63. Qf3+ Ke7 64. Qe4 Kf6 65. g4 Qc3 66.
Qf4+ Ke7 67. Qf3 Qe5 68. Qg3 Qd5+ 69. Qf3 Qe5 70. Qe3 Qd5+ 71. Kg3 Qd6+ 72. Qf4 Qd3+ 73.
Kg2 Qe2 74. g5 Qh5 75. Qf6+ Kd6 76. g6 Qg4+ 77. Kh2 Qh5+ 78. Kg3 Qh1 79. Qf8+ Ke5 80. Qf4+ Kd5 81. Qf3+ Qxf3+ 82. Kxf3 Kd6 83. g7 Ke7 84. g8=Q 1-0

[Event "Early-Titled-Tuesday-Blitz-October-10-2023"]
[Site "Chess.com"]
[Date "2023.10.10"]
[Round "1"]
[White "Chessdreamer2020"]
[Black "Alenzer"]
[Result "1-0"]
[WhiteElo "2548"]
[BlackElo "2102"]
[TimeControl "180+1"]
[EndTime "8:09:27 PDT"]
[Termination "Chessdreamer2020 won by resignation"]

1. e4 c5 2. Nf3 e6 3. b3 Nc6 4. Bb5 d5 5. Bxc6+ bxc6 6. e5 Ba6 7. d3 f6 8. c4 fxe5 9. Nxe5 Nf6 10. O-O Bd6 11.
Re1 O-O 12. Nd2 Bxe5 13. Rxe5 dxc4 14. Ba3 Qxd3 15. Nxc4 Bxc4 16. Qxd3 Bxd3 17. Rxe6 Rfe8 18. Rxc6 Re2 19. Bxc5 Rae8 20. h3 Ne4 21. Bd4 Rd2 22. Rc7 Nf6 23. Bxa7 Ree2 24. Be3 Rc2 25. Rxc2 Rxc2 26.
a4 Rc8 27. a5 Ra8 28. b4 Nd5 29. Bc5 Bb5 30. Rd1 Nc3 31. Rd6 Ne4 32. Rb6 Bc4 33. Bd4 Rd8 34. Be5 Rd1+ 35. Kh2 Nxf2 36. Rb7 Rh1+ 37. Kg3 Ne4+ 38. Kf4 Nf6 39. b5 Rf1+ 40. Kg3 Re1 41. Bxf6 gxf6 42. a6 Ra1 43. a7 Bxb5 44. Rb8+ Kf7 45. a8=Q Rxa8 46. Rxa8 Kg6 47.
Kf4 Bd3 48. Ra7 Bc4 49. g3 h5 50. Rc7 Be6 51. Re7 Bxh3 52. Re8 Kf7 53. Rh8 Bg4 54.
Rd8 Ke7 55. Rb8 Kf7 56. Rb6 Kg6 57. Ke4 Bf5+ 58. Kf4 Bg4 59. Rb5 Kg7 60. Ra5 Kg6 61.
Ke4 Kg7 62. Kd5 Kg6 63. Kd6 f5 64. Ke5 Kg5 65. Ra8 h4 66. Rg8+ Kh6 67. Rh8+ Kg7 68. Rxh4 Kg6 69. Kf4 Kf6 70. Rh6+ Kg7 71. Kg5 Kf7 72.
Rf6+ Kg7 73. Rc6 Kf7 74. Rc7+ Ke8 75. Kf6 Kd8 76. Rc5 Kd7 77. Rxf5 Bxf5 78. Kxf5 Ke7 79.
Kg6 Kf8 80. Kh7 Kf7 81. g4 Kf6 82. Kh6 Kf7 83. g5 Kg8 84. Kg6 Kf8 85. Kh7 Kf7 86.
g6+ Kf6 87. g7 Kg5 88. g8=Q+ Kh5 89. Qg2 1-0

[Event "Early-Titled-Tuesday-Blitz-October-10-2023"]
[Site "Chess.com"]
[Date "2023.10.10"]
[Round "1"]
[White "CSB7"]
[Black "Mr_ruthless"]
[Result "1/2-1/2"]
[WhiteElo "2746"]
[BlackElo "2445"]
[TimeControl "180+1"]
[EndTime "8:09:35 PDT"]
[Termination "Game drawn by repetition"]

1. d4 d5 2. c4 c6 3. Nf3 Nf6 4. Qc2 e6 5. Nbd2 Nbd7 6. g3 b6 7. Bg2 Bb7 8. O-O Be7 9. Rd1 O-O 10. e4 dxe4 11. Nxe4 Nxe4 12. Qxe4 Nf6 13. Qc2 Qc8 14.
c5 Rd8 15. Bf4 Nd5 16. Bg5 h6 17. Bxe7 Nxe7 18. Ne5 Qc7 19. Rac1 Rac8 20. Be4 bxc5 21.
Qxc5 Nd5 22. Bg2 Qb6 23. b3 Nb4 24. a3 Nd5 25. b4 Qxc5 26. dxc5 Ba6 27. Bf1 Bxf1 28.
Kxf1 f6 29. Nc4 Rc7 30. Ke1 Rcd7 31. Na5 Rc7 32. Rc4 Kf7 33. a4 Rb8 34. Rb1 a6 35. Kd2 e5 36. Kc2 Ke6 37. Kb3 f5 38. Ka3 g5 39. Nb3 Rcb7 40. Na5 Rc7 41. Rc2 h5 42.
Rb3 g4 43. Re2 Kf6 44. Nc4 Re7 45. Nd6 h4 46. Reb2 hxg3 47. hxg3 Rh7 48. Ka2 Rh1 49. Nc4 Rf1 50. Na5 Rc8 51. Rc2 Re1 52. b5 axb5 53. axb5 cxb5 54. Rxb5 f4 55. gxf4 Nxf4 56. c6 Nd3 57. c7 Rc1 58. Rxc1 Nxc1+ 59. Kb1 Nd3 60. Rb6+ Kf5 61. Rb7 Nc5 62. Ra7 Ne6 63. Nc6 Rxc7 64. Ra6 Rb7+ 65. Kc2 Rc7 66. Kd2 Nf4 67.
Ke1 Nd3+ 68. Kf1 Nc5 69. Rb6 Ne4 70. Ra6 Rb7 71. Kg2 Rb2 72. Ne7+ Kg5 73. Rg6+ Kh5 74. Rg8 Rxf2+ 75. Kg1 Rf7 76. Nc6 Nd2 77. Nxe5 Nf3+ 78. Nxf3 Rxf3 79. Kg2 Rb3 80. Rh8+ Kg5 81. Rg8+ Kf4 82.
Rf8+ Ke4 83. Re8+ Kf5 84. Rf8+ Ke6 85. Rg8 Kf5 86. Rf8+ Ke4 87. Re8+ Kf4 88. Rf8+ Ke4 1/2-1/2

[Event "Early-Titled-Tuesday-Blitz-October-10-2023"]
[Site "Chess.com"]
[Date "2023.10.10"]
[Round "1"]
[White "Josgar05"]
[Black "LeoLV10"]
[Result "1/2-1/2"]
[WhiteElo "2240"]
[BlackElo "2577"]
[TimeControl "180+1"]
[EndTime "8:09:35 PDT"]
[Termination "Game drawn - insufficient material"]

1. d4 Nf6 2. Nf3 e6 3. Bf4 d5 4. e3 Bd6 5. Bd3 O-O 6. Nbd2 c5 7. c3 Qc7 8. Ne5 Nbd7 9. Ndf3 Ne4 10. Qc2 f5 11. Nxd7 Bxd7 12. Bxd6 Nxd6 13. Ne5 cxd4 14. exd4 Bb5 15. O-O Bxd3 16. Qxd3 Rf6 17. Rfe1 Raf8 18. f3 Rh6 19. h3 Qe7 20. Qe2 Rhf6 21. Rad1 Kh8 22.
Nd3 f4 23. Qd2 Nc4 24. Qc1 Ne3 25. Rd2 Nc4 26. Rde2 Qd6 27. b3 Nb6 28. Qd2 Nd7 29.
Kh1 h5 30. Ne5 Kg8 31. Qd3 Qc7 32. c4 dxc4 33. bxc4 Rd8 34. Qe4 Nb6 35. c5 Nd5 36. Nc4 Nc3 37. Qe5 Qd7 38. Rc2 Nb5 39. Nd6 Nxd6 40.
cxd6 Qxd6 41. Qxh5 Qxd4 42. Rce2 Qd6 43. Qg4 Re8 44. Qh5 Qe7 45. Qe5 Qf7 46. Rc1 Rf5 47.
Qd4 e5 48. Qxa7 e4 49. fxe4 f3 50. Rf2 fxg2+ 51. Rxg2 Rf1+ 52. Rxf1 Qxf1+ 53. Qg1 Qxg1+ 54. Rxg1 Rxe4 55. Rb1 Re7 56. Rb6 Kf8 57. Kg2 Ke8 58. Kg3 Kd8 59. Rb2 Kc7 60. Kg4 Re4+ 61. Kg5 Re3 62.
h4 Rg3+ 63. Kf4 Rg1 64. h5 Kc6 65. Kf5 b5 66. Rc2+ Kb6 67. Rd2 Ka5 68. Rd3 Ka4 69. a3 Rf1+ 70. Kg6 Rg1+ 71. Kh7 Rg5 72. h6 gxh6 73. Kxh6 Rc5 74. Kg6 Rc2 75. Kf5 Ra2 76. Ke5 Rxa3 77. Rd4+ b4 78. Rd8 Rc3 79. Rb8 Kb3 80.
Kd4 Rc7 81. Kd3 Rd7+ 82. Ke2 Kc3 83. Rc8+ Kb2 84. Rb8 b3 85. Ke1 Kc2 86. Rc8+ Kb1 87. Rb8 b2 88. Rb4 Rd3 89. Ke2 Rd6 90. Rb5 Rd4 91.
Rb6 Ra4 92. Kd2 Ka1 93. Kc2 Rc4+ 94. Kd3 b1=Q+ 95. Rxb1+ Kxb1 96. Kxc4 1/2-1/2

[Event "Early-Titled-Tuesday-Blitz-October-10-2023"]
[Site "Chess.com"]
[Date "2023.10.10"]
[Round "1"]
[White "Perecke"]
[Black "lluiss"]
[Result "0-1"]
[WhiteElo "2548"]
[BlackElo "2180"]
[TimeControl "180+1"]
[EndTime "8:09:39 PDT"]
[Termination "lluiss won by resignation"]

1. e4 c5 2. d4 cxd4 3. c3 dxc3 4. Nxc3 Nc6 5. Nf3 e6 6. Bc4 a6 7. O-O Bb4 8. Re1 Bxc3 9. bxc3 Nge7 10. e5 Ng6 11. Bg5 Qc7 12. Qe2 h6 13. Bd2 O-O 14. Rab1 b5 15. Bd3 Nce7 16. Be4 Rb8 17. Rec1 d5 18. exd6 Qxd6 19. c4 Bb7 20. Bxb7 Rxb7 21. Bb4 Qf4 22. cxb5 Rxb5 23. Rc4 Qb8 24. a4 Rb7 25.
Rb2 Nd5 26. Ba3 Ngf4 27. Qd2 Rd8 28. Rxb7 Qxb7 29. Rc1 Qb8 30. Bb2 Nf6 31. Qc2 N4d5 32. Be5 Qb4 33. Rb1 Qg4 34. h3 Qf5 35. Bxf6 Nxf6 36.
Qc7 Re8 37. Rb7 Ne4 38. Qc2 Ng5 39. Qxf5 exf5 40. Rb6 Nxf3+ 41. gxf3 Ra8 42. Rb4 g6 43. a5 Kg7 44. Rb6 Ra7 45. Kf1 g5 46. Ke2 f4 47.
Kd3 Rd7+ 48. Ke4 Rd2 49. Rxa6 Rxf2 50. Rd6 Re2+ 51. Kd3 Re1 52. Kd2 Ra1 53. a6 h5 54.
Rd5 f6 55. Rd7+ Kg6 56. a7 Ra2+ 57. Kc3 Ra3+ 58. Kb4 Ra1 59. Kb5 g4 60. hxg4 hxg4 61. fxg4 f3 62. Rd3 Rxa7 63. Rxf3 Rb7+ 64. Kc6 Re7 65.
Kd6 Re5 66. Rg3 Kg5 67. Rg1 Re4 68. Rf1 Rxg4 69. Ke6 Re4+ 70. Kd5 f5 71. Rg1+ Kf4 72. Rf1+ Kg5 73. Rg1+ Kf6 74. Rf1 Re2 75. Rf3 Re8 76. Rf1 Rd8+ 77. Kc4 Ke5 78. Re1+ Kf4 79. Rf1+ Kg5 80.
Rg1+ Kf6 81. Rf1 Rd7 82. Kc3 Rd6 83. Re1 f4 84. Rf1 Kf5 85. Kc4 Kg4 86. Rg1+ Kf3 87. Rf1+ Kg3 88. Rg1+ Kf2 89. Rg8 f3 90. Rf8 Kg2 91.
Rg8+ Kf1 92. Kc3 f2 93. Rf8 Rd5 94. Kc2 Kg2 95. Rg8+ Kf3 96. Rf8+ Kg3 97. Rg8+ Kf4 98. Rf8+ Rf5 0-1

[Event "Early-Titled-Tuesday-Blitz-October-10-2023"]
[Site "Chess.com"]
[Date "2023.10.10"]
[Round "1"]
[White "Virgo15"]
[Black "Daniel_Salinas"]
[Result "1-0"]
[WhiteElo "2738"]
[BlackElo "2425"]
[TimeControl "180+1"]
[EndTime "8:09:42 PDT"]
[Termination "Virgo15 won on time"]

1. e4 d6 2. d4 Nf6 3. Nc3 e5 4.
Nf3 Nbd7 5. Bc4 Be7 6. O-O O-O 7. a4 c6 8. a5 Rb8 9. Re1 b6 10. axb6 axb6 11. d5 b5 12. Bf1 b4 13. dxc6 bxc3 14. cxd7 Bxd7 15. b3 Bc6 16. Bd3 Qc7 17. Bg5 h6 18. Bxf6 Bxf6 19. Ra6 d5 20. exd5 Bxd5 21. Bh7+ Kxh7 22. Qxd5 Rbd8 23. Qe4+ Kg8 24. h3 Rfe8 25. Rc6 Qa5 26. Kh2 Re7 27. Re3 Rc7 28. b4 Qa7 29. b5 Rxc6 30. bxc6 Qc5 31. Nxe5 Bxe5+ 32. Qxe5 Qxc6 33.
Rxc3 Qd6 34. Qxd6 Rxd6 35. Rc7 Rd2 36. Kg3 f6 37. Kf3 Kh7 38. Ke3 Rd1 39. Rc3 Rc1 40.
h4 h5 41. g3 Kg6 42. Rc5 Re1+ 43. Kd2 Rf1 44. Ke2 Rc1 45. Rc4 Kf7 46. Kd2 Rf1 47. Rf4 Ke6 48. Ke2 Rc1 49. Rc4 g5 50. Rc5 gxh4 51. gxh4 f5 52. Kf3 Rh1 53. Rc4 Rf1 54. Rc6+ Ke5 55. Rc5+ Kf6 56. Rc8 Rh1 57. Kg3 Rg1+ 58.
Kh2 Rg4 59. Kh3 Rf4 60. Kg3 Rg4+ 61. Kf3 Rxh4 62. c4 Rd4 63. c5 Rc4 64. c6 Kg7 65. Kg3 h4+ 66. Kh3 Kh7 67. c7 Kg7 68. f4 Kh7 69. Kxh4 Rxf4+ 70. Kg5 Rc4 71. Kf6 f4 72.
Ke5 f3 73. Kd6 f2 74. Rf8 Rd4+ 75. Ke7 Rc4 76. Kd7 Rd4+ 77. Kc6 Rc4+ 78. Kb6 Rb4+ 79.
Kc5 Rb2 80. Kd6 Rc2 81. Rxf2 Rxf2 82. c8=Q Rd2+ 83. Ke5 Re2+ 84. Kf4 Rf2+ 85. Kg3 Rf6 86. Qd7+ Kg6 87. Kg4 Rb6 88. Qd3+ Kf7 89. Qc4+ Kg6 90.
Qe4+ Kf7 91. Qd5+ Kg6 92. Qg8+ Kf6 93. Qd8+ Kf7 94. Qxb6 1-0

[Event "Early-Titled-Tuesday-Blitz-October-10-2023"]
[Site "Chess.com"]
[Date "2023.10.10"]
[Round "1"]
[White "Irishchessman16"]
[Black "Iball95"]
[Result "1/2-1/2"]
[WhiteElo "2458"]
[BlackElo "2775"]
[TimeControl "180+1"]
[EndTime "8:10:14 PDT"]
[Termination "Game drawn by 50-move rule"]

1. d4 d5 2. Nc3 Nf6 3. Bf4 c5 4. e3 cxd4 5. exd4 Bg4 6. Qd2 a6 7. f3 Bd7 8. g4 e6 9. h4 Nc6 10.
h5 h6 11. Nce2 b5 12. Ng3 Qb6 13. N1e2 Rc8 14. Be3 Bd6 15. Bg2 Qc7 16. Kf2 Na5 17. b3 Nc6 18. a3 e5 19. g5 hxg5 20. Bxg5 Nxd4 21. Nxd4 exd4 22. Rae1+ Kf8 23. Ne2 Qxc2 24. Nxd4 Qxd2+ 25. Bxd2 Rxh5 26. Rxh5 Nxh5 27. Rh1 g6 28. b4 Be5 29. Be3 Rc3 30. Ne2 Rxa3 31. f4 Bf6 32. Bf3 Ra2 33. Bxd5 Bg4 34. Bxa2 Bxe2 35. Rc1 Bg4 36.
Rc7 Bh4+ 37. Kg2 Be6 38. Bxe6 fxe6 39. Ra7 Be7 40. Bd2 Bd6 41. Rxa6 Bxf4 42. Bxf4 Nxf4+ 43. Kf3 Nd5 44. Rxe6 Nxb4 45. Ke4 Kf7 46. Rb6 Ke7 47. Rxb5 Nc6 48. Kd5 Nd8 49. Ra5 Nf7 50. Ra6 g5 51. Rg6 Kd7 52. Rf6 Ke7 53. Rf5 g4 54. Rf4 Nh6 55.
Ke4 Ke6 56. Rf8 Nf7 57. Kf4 Ke7 58. Ra8 Nd6 59. Ra7+ Ke6 60. Kxg4 Ke5 61. Kf3 Nc4 62. Ra1 Nd6 63. Ke3 Nf5+ 64. Kd3 Nd6 65. Ra5+ Ke6 66. Rh5 Nf5 67. Ke4 Nd6+ 68. Kd4 Nf5+ 69. Kc5 Ke5 70.
Rh1 Ke4 71. Rf1 Ne3 72. Re1 Kd3 73. Kc6 Ke4 74. Ra1 Kd4 75. Kd6 Nc4+ 76. Ke6 Ne3 77. Ra2 Nc4 78. Ra4 Kc5 79. Kf5 Kd4 80. Rb4 Kc5 81.
Rb8 Kd4 82. Kf4 Nd6 83. Rd8 Kd5 84. Rd7 Ke6 85. Ra7 Kd5 86. Ra1 Nc4 87. Rd1+ Kc5 88.
Rd8 Nd6 89. Rh8 Kd5 90. Rh1 Nc4 91. Rd1+ Kc5 92. Ke4 Nd6+ 93. Ke5 Nc4+ 94. Kf4 Nd6 95. Kg5 Ne4+ 96. Kf5 Nd6+ 97. Ke6 Nc4 98. Rd5+ Kb4 99. Rh5 Kc3 100. Kd5 Ne3+ 101. Ke4 Nc4 102. Kd5 Ne3+ 103. Kc5 Kd3 104. Re5 Ng4 105. Re8 Ne3 106. Re7 Ng4 107. Rg7 Ne3 108. Rh7 Ke4 109. Re7+ Kd3 110. Ra7 1/2-1/2

[Event "Early-Titled-Tuesday-Blitz-October-10-2023"]
[Site "Chess.com"]
[Date "2023.10.10"]
[Round "2"]
[White "Baku_Boulevard"]
[Black "DTChess"]
[Result "1-0"]
[WhiteElo "3061"]
[BlackElo "2632"]
[TimeControl "180+1"]
[EndTime "8:13:05 PDT"]
[Termination "Baku_Boulevard won by checkmate"]

1. e4 e5 2. Nf3 Nc6 3. Bb5 a6 4. Ba4 Nf6 5. Nc3 b5 6. Bb3 Be7 7. a4 Bb7 8. d3 b4 9. Nd5 a5 10. c3 bxc3 11. bxc3 Rb8 12. h4 d6 13. Ng5 O-O 14. Nxf6+ Bxf6 15. Qh5 h6 16. Bxf7+ Rxf7 17. Qxf7+ Kh8 18. Qg6 Bxg5 19. hxg5 Qe8 20. Qxe8+ Rxe8 21. gxh6 g6 22. h7 Ba6 23. Bg5 Re6 24. Rh3 Re8 25.
Bf6# 1-0

[Event "Early-Titled-Tuesday-Blitz-October-10-2023"]
[Site "Chess.com"]
[Date "2023.10.10"]
[Round "2"]
[White "HeinichessPY"]
[Black "Logman74"]
[Result "1-0"]
[WhiteElo "2217"]
[BlackElo "2456"]
[TimeControl "180+1"]
[EndTime "8:13:13 PDT"]
[Termination "HeinichessPY won by resignation"]

1. Nf3 d5 2. g3 Nf6 3. Bg2 c6 4. O-O h6 5. d3 Nbd7 6. b3 e6 7. Bb2 Bd6 8. Nbd2 O-O 9. e4 Ne8 10. e5 Bc7 11. Re1 f6 12. d4 fxe5 13. dxe5 c5 14.
Nh4 d4 15. Qh5 Rf5 16. Nxf5 exf5 17. Bd5+ Kh8 18. Qf7 1-0

[Event "Early-Titled-Tuesday-Blitz-October-10-2023"]
[Site "Chess.com"]
[Date "2023.10.10"]
[Round "2"]
[White "Witik"]
[Black "Gerasimenyuk_Miha"]
[Result "1-0"]
[WhiteElo "2710"]
[BlackElo "2439"]
[TimeControl "180+1"]
[EndTime "8:13:34 PDT"]
[Termination "Witik won by resignation"]

1. d4 d5 2. Bf4 c6 3. e3 Nf6 4. Bd3 Bg4 5. f3 Bh5 6. Nc3 e6 7. Nge2 Bd6 8. g4 Bxf4 9. Nxf4 Bg6 10. h4 Bxd3 11. Qxd3 Nbd7 12. g5 Ng8 13. O-O-O c5 14. e4 c4 15. Qe3 Ne7 16. exd5 O-O 17. dxe6 Nb6 18. d5 Nf5 19. Qe5 g6 20. Ne4 c3 1-0

[Event "Early-Titled-Tuesday-Blitz-October-10-2023"]
[Site "Chess.com"]
[Date "2023.10.10"]
[Round "2"]
[White "YouJustFoundYourGodfather"]
[Black "FairChess_on_YouTube"]
[Result "0-1"]
[WhiteElo "2631"]
[BlackElo "3050"]
[TimeControl "180+1"]
[EndTime "8:13:44 PDT"]
[Termination "FairChess_on_YouTube won by resignation"]

1. g3 d5 2. Bg2 e5 3. d3 c6 4. Nf3 Bd6 5. Nbd2 f5 6. e4 Nf6 7.
O-O O-O 8. c3 Kh8 9. Qc2 Qe8 10.
Re1 Qh5 11. exd5 cxd5 12. Nf1 Nc6 13. b4 e4 14. N3d2 Ne5 15. d4 Nd3 16. Re3 f4 17. Rxd3 exd3 18. Qxd3 Bf5 19. Qb5 Rae8 20. Nf3 Be4 21.
Ne5 Bxg2 22. Kxg2 Bxe5 23. dxe5 f3+ 24. Kg1 Qh3 25. Ne3 Ng4 0-1

[Event "Early-Titled-Tuesday-Blitz-October-10-2023"]
[Site "Chess.com"]
[Date "2023.10.10"]
[Round "2"]
[White "vladislavkovalev"]
[Black "jens1102"]
[Result "1-0"]
[WhiteElo "2886"]
[BlackElo "2595"]
[TimeControl "180+1"]
[EndTime "8:13:47 PDT"]
[Termination "vladislavkovalev won by resignation"]

1. e4 c5 2. Nf3 Nc6 3. Bb5 g6 4. O-O Bg7 5. c3 e5 6. d4 cxd4 7.
cxd4 exd4 8. Bf4 Nge7 9. Bd6 O-O 10. Re1 Re8 11. a3 a6 12. Bc4 Qb6 13. b4 d3 14.
Bxf7+ Kxf7 15. Qb3+ Kf6 16. e5+ Kf5 17. Qf7+ Kg4 18. h3+ Kh5 19. Qxg7 1-0

[Event "Early-Titled-Tuesday-Blitz-October-10-2023"]
[Site "Chess.com"]
[Date "2023.10.10"]
[Round "2"]
[White "FERNANDEZL1983"]
[Black "GothamChess"]
[Result "0-1"]
[WhiteElo "2523"]
[BlackElo "2726"]
[TimeControl "180+1"]
[EndTime "8:13:47 PDT"]
[Termination "GothamChess won by checkmate"]

1. d4 f5 2. Nc3 Nf6 3. g4 d5 4. gxf5 Bxf5 5. Bg2 e6 6. Bg5 c5 7. dxc5 Bxc5 8. e4 Bg6 9. e5 Qb6 10. exf6 Bxf2+ 11. Kf1 gxf6 12. Bh6 Bh4 13. Nf3 Qf2# 0-1

[Event "Early-Titled-Tuesday-Blitz-October-10-2023"]
[Site "Chess.com"]
[Date "2023.10.10"]
[Round "2"]
[White "Krakozia"]
[Black "juancruzarias"]
[Result "1-0"]
[WhiteElo "3017"]
[BlackElo "2629"]
[TimeControl "180+1"]
[EndTime "8:13:59 PDT"]
[Termination "Krakozia won by resignation"]

1. c4 e6 2. Nc3 d5 3. d4 Nf6 4.
Bg5 dxc4 5. e3 c5 6. Bxc4 cxd4 7. exd4 Nc6 8. Nf3 Be7 9. O-O O-O 10. Re1 a6 11. a3 b5 12. Ba2 Bb7 13. Rc1 Rc8 14.
Bb1 b4 15. axb4 Nxb4 16. Ne5 Nbd5 17. Qd3 g6 18. Bh6 Re8 19. Ba2 Bf8 20. Bxf8 Rxf8 21. Qg3 Nh5 22. Qg4 Ndf6 23. Qh4 Nd5 24. Qxd8 Rfxd8 25. Bxd5 Bxd5 26. Nxd5 Rxc1 27. Ne7+ Kf8 28. Rxc1 Kxe7 29.
Nc6+ 1-0

[Event "Early-Titled-Tuesday-Blitz-October-10-2023"]
[Site "Chess.com"]
[Date "2023.10.10"]
[Round "2"]
[White "banane_verte"]
[Black "ferrufino64"]
[Result "0-1"]
[WhiteElo "2525"]
[BlackElo "2196"]
[TimeControl "180+1"]
[EndTime "8:14:03 PDT"]
[Termination "ferrufino64 won by checkmate"]

1. e4 c5 2. Nf3 d6 3. d4 cxd4 4. Qxd4 Nc6 5. Bb5 Bd7 6. Bxc6 Bxc6 7. Nc3 e6 8. Bg5 Nf6 9. O-O-O Be7 10. Bxf6 gxf6 11.
Nd2 Qc7 12. Nc4 Rd8 13. Qxa7 O-O 14. Qb6 Qd7 15. Rd3 Ra8 16. Qe3 Kh8 17. Nb6 Qc7 18.
Nxa8 Rxa8 19. Qh6 Rg8 20. Rg3 Rg6 21. Rxg6 fxg6 22. h4 b5 23. a3 Qa7 24. Qf4 b4 25.
axb4 Qa1+ 26. Nb1 Qa4 27. c3 Kg7 28. h5 g5 29. h6+ Kf7 30. Qe3 Qa2 31. f3 Qa6 32.
Rd1 Ba4 33. Rd2 Qf1+ 34. Rd1 Qxd1# 0-1

[Event "Early-Titled-Tuesday-Blitz-October-10-2023"]
[Site "Chess.com"]
[Date "2023.10.10"]
[Round "2"]
[White "Kirill_Klukin"]
[Black "esrosenberg"]
[Result "1-0"]
[WhiteElo "2677"]
[BlackElo "2369"]
[TimeControl "180+1"]
[EndTime "8:14:07 PDT"]
[Termination "Kirill_Klukin won by resignation"]

1. e4 e5 2. Nf3 Nc6 3. d4 exd4 4. Nxd4 Nf6 5. Nxc6 bxc6 6. e5 Qe7 7. Qe2 Nd5 8. c4 Ba6 9. b3 g6 10. Bb2 Bg7 11.
g3 O-O 12. Bg2 Rae8 13. O-O Bxe5 14. Bxe5 Qxe5 15. Qxe5 Rxe5 16. cxd5 Bxf1 17. Kxf1 cxd5 18. Nd2 c6 19. Rc1 Rfe8 20. Bf3 Kf8 21. Rc5 Rb8 22. Ra5 Rb7 23. Nc4 Re6 24. Ne3 Ke7 25. h4 h5 26. Ng2 Kd8 27. Nf4 Rf6 28. Ra6 Kc7 29.
Nxd5+ 1-0

[Event "Early-Titled-Tuesday-Blitz-October-10-2023"]
[Site "Chess.com"]
[Date "2023.10.10"]
[Round "2"]
[White "kikoveiga"]
[Black "mishanick"]
[Result "0-1"]
[WhiteElo "2633"]
[BlackElo "3075"]
[TimeControl "180+1"]
[EndTime "8:14:09 PDT"]
[Termination "mishanick won by resignation"]

1. Nf3 d5 2. e3 c5 3. b3 Nc6 4.
Bb5 f6 5. Bxc6+ bxc6 6. d4 cxd4 7.
exd4 e6 8. O-O Bd6 9. Ba3 Ne7 10. Bxd6 Qxd6 11. Nbd2 O-O 12. Re1 Ng6 13. c4 Bb7 14.
Qc2 e5 15. cxd5 cxd5 16. dxe5 fxe5 17. Qb2 e4 18. Nd4 Nf4 19. Qc3 Qg6 20. Qg3 Qf6 21.
Ne2 Nxe2+ 0-1

[Event "Early-Titled-Tuesday-Blitz-October-10-2023"]
[Site "Chess.com"]
[Date "2023.10.10"]
[Round "2"]
[White "falzehope0"]
[Black "masterofpuppets2"]
[Result "0-1"]
[WhiteElo "2305"]
[BlackElo "2519"]
[TimeControl "180+1"]
[EndTime "8:14:14 PDT"]
[Termination "masterofpuppets2 won by resignation"]

1. d4 Nf6 2. e3 g6 3. Bd3 Bg7 4. f4 O-O 5. Nf3 d6 6. O-O Nc6 7. e4 Bg4 8. d5 Nd4 9. c3 Nxf3+ 10. gxf3 Bh3 11. Rf2 e6 12. c4 Nh5 13. Be3 Qh4 14. Qd2 Bh6 15. f5 Bxe3 16. Qxe3 gxf5 17. dxe6 f4 18. exf7+ Rxf7 19. Qd4 Rg7+ 20. Kh1 c5 21. Qd5+ Kh8 22. Re2 Bg2+ 23. Rxg2 Qe1+ 0-1

[Event "Early-Titled-Tuesday-Blitz-October-10-2023"]
[Site "Chess.com"]
[Date "2023.10.10"]
[Round "2"]
[White "Hilary46"]
[Black "brunomorado"]
[Result "1-0"]
[WhiteElo "2661"]
[BlackElo "2343"]
[TimeControl "180+1"]
[EndTime "8:14:16 PDT"]
[Termination "Hilary46 won by resignation"]

1. e4 c5 2. Nf3 Nc6 3. d4 cxd4 4.
Nxd4 e5 5. Nb5 d6 6. c4 Be7 7. Be2 Be6 8. N1c3 a6 9. Na3 Bg5 10. O-O Bxc1 11. Rxc1 Nf6 12. Nc2 O-O 13. Qd2 Rc8 14.
Rfd1 Qb6 15. b3 Rfd8 16. h3 Qa5 17. Nd5 Bxd5 18. Qxa5 Nxa5 19. exd5 b5 20. cxb5 axb5 21.
Nb4 Ne4 22. Nc6 Nxc6 23. dxc6 b4 24. c7 Rd7 25. Bg4 1-0